TOP OF THE 1ST |
Moose Jaw Ghostbusters batting - Pitching for Bismark Border Guards : RHP Ben Cobb
|
Pitching: RHP Ben Cobb
|
|
Batting: RHB Manuel Pérez
|
0-0: Called Strike 0-1: Foul Ball, location: 2F 0-2: Fly out, F6 (Line Drive, 6)
|
Batting: RHB Don Turner
|
0-0: Ground out 6-3 (Groundball, 56)
|
Batting: RHB John Major
|
0-0: Called Strike 0-1: Called Strike 0-2: Ball 1-2: Strikes out swinging
|
Top of the 1st over - 0 run(s), 0 hit(s), 0 error(s), 0 left on base; Moose Jaw 0 - Bismark 0 |
BOTTOM OF THE 1ST |
Bismark Border Guards batting - Pitching for Moose Jaw Ghostbusters : RHP Aaron Green
|
Pitching: RHP Aaron Green
|
|
Batting: RHB Edward Melton
|
0-0: Ball 1-0: Foul Ball, location: 2F 1-1: Ball 2-1: Called Strike 2-2: Ball 3-2: Foul Ball, location: 2F 3-2: Foul Ball, location: 2F 3-2: Ground out 6-3 (Groundball, 6M)
|
Batting: LHB Rusty Herbert
|
0-0: Ball 1-0: Fly out, F7 (Flyball, 78S)
|
Batting: RHB Enrico Rodríguez
|
0-0: Ball 1-0: Called Strike 1-1: SINGLE (Groundball, 34D)
|
Batting: RHB Mike Wright
|
0-0: Ball 1-0: Ball Enrico Rodríguez steals 2nd base 2-0: Fly out, F9 (Flyball, 9S)
|
Bottom of the 1st over - 0 run(s), 1 hit(s), 0 error(s), 1 left on base; Moose Jaw 0 - Bismark 0 |
TOP OF THE 2ND |
Moose Jaw Ghostbusters batting - Pitching for Bismark Border Guards : RHP Ben Cobb
|
Batting: RHB Paco Hernández
|
0-0: Called Strike 0-1: Called Strike 0-2: SINGLE (Line Drive, 4M)
|
Batting: LHB Dave Stewart
|
0-0: Called Strike 0-1: Foul Ball, location: 2F 0-2: Ball 1-2: Ball 2-2: Foul Ball, location: 2F 2-2: Ball 3-2: Base on Balls Paco Hernández to second
|
Batting: RHB Luis Miguel Sánchez
|
0-0: Called Strike 0-1: Grounds into double play, 6-4-3 (Groundball, 6) Paco Hernández to third
|
Batting: RHB León Rivera
|
0-0: Foul Ball, location: 2F 0-1: Called Strike 0-2: Strikes out swinging
|
Top of the 2nd over - 0 run(s), 1 hit(s), 0 error(s), 1 left on base; Moose Jaw 0 - Bismark 0 |
BOTTOM OF THE 2ND |
Bismark Border Guards batting - Pitching for Moose Jaw Ghostbusters : RHP Aaron Green
|
Batting: RHB Doug Williams
|
0-0: Called Strike 0-1: Ball 1-1: Called Strike 1-2: Fly out, F8 (Flyball, 78M)
|
Batting: RHB Trent Rasmussen
|
0-0: Ball 1-0: DOUBLE (Groundball, 5L)
|
Batting: SHB Vicente Pagán
|
0-0: Ball 1-0: Ball 2-0: Ball 3-0: Base on Balls
|
Batting: RHB Reynaldo Slomp
|
0-0: Foul Ball, location: 2F 0-1: Ball 1-1: Fly out, F9 (Flyball, 9M)
|
Batting: RHB Jorge Montoya
|
0-0: Fly out, F3 (Popup, 3SF)
|
Bottom of the 2nd over - 0 run(s), 1 hit(s), 0 error(s), 2 left on base; Moose Jaw 0 - Bismark 0 |
TOP OF THE 3RD |
Moose Jaw Ghostbusters batting - Pitching for Bismark Border Guards : RHP Ben Cobb
|
Batting: RHB Juan Vázquez
|
0-0: Ball 1-0: Called Strike 1-1: Called Strike 1-2: Ball 2-2: Ball 3-2: Base on Balls
|
Batting: LHB John Robbins
|
0-0: SINGLE (Groundball, 4MD) Juan Vázquez to second Runner from 2nd tries for 3rd, SAFE, no throw or cutoff
|
Batting: RHB Manuel Pérez
|
0-0: Ball 1-0: Called Strike 1-1: Called Strike 1-2: Ball 2-2: Strikes out looking
|
Batting: RHB Don Turner
|
0-0: Called Strike 0-1: Foul Ball, location: 2F 0-2: Fly out, F3 (Line Drive, 3) 0-2: Lined into DP, U3 (Line Drive, 3)
|
Top of the 3rd over - 0 run(s), 1 hit(s), 0 error(s), 1 left on base; Moose Jaw 0 - Bismark 0 |
BOTTOM OF THE 3RD |
Bismark Border Guards batting - Pitching for Moose Jaw Ghostbusters : RHP Aaron Green
|
Batting: RHB Edward Melton
|
0-0: Called Strike 0-1: Swinging Strike 0-2: Ball 1-2: Fly out, F3 (Popup, 3F)
|
Batting: LHB Rusty Herbert
|
0-0: Ball 1-0: Foul Ball, location: 2F 1-1: Ground out 4-3 (Groundball, 34)
|
Batting: RHB Enrico Rodríguez
|
0-0: Swinging Strike 0-1: Swinging Strike 0-2: Strikes out swinging
|
Bottom of the 3rd over - 0 run(s), 0 hit(s), 0 error(s), 0 left on base; Moose Jaw 0 - Bismark 0 |
TOP OF THE 4TH |
Moose Jaw Ghostbusters batting - Pitching for Bismark Border Guards : RHP Ben Cobb
|
Batting: RHB John Major
|
0-0: Foul Ball, location: 2F 0-1: Ball 1-1: Ball 2-1: Foul Ball, location: 2F 2-2: Foul Ball, location: 2F 2-2: DOUBLE (Line Drive, 7D)
|
Batting: RHB Paco Hernández
|
0-0: Ball 1-0: Foul Ball, location: 2F 1-1: Foul Ball, location: 2F 1-2: SINGLE (Groundball, 56D) John Major to third Runner from 3rd tries for Home, SAFE, throw made home Paco Hernández to second
|
Batting: LHB Dave Stewart
|
0-0: Called Strike 0-1: Called Strike 0-2: Ground out 6-3 (Groundball, 6M) Paco Hernández to third
|
Batting: RHB Luis Miguel Sánchez
|
0-0: Fly out, F9 (Flyball, 9S)
|
Batting: RHB León Rivera
|
0-0: Foul Ball, location: 2F 0-1: Ball 1-1: SINGLE (Groundball, 4MD) Paco Hernández scores
|
Batting: RHB Juan Vázquez
|
0-0: Ball Wild Pitch! León Rivera to second 1-0: Foul Ball, location: 2F 1-1: Foul Ball, location: 2F 1-2: Foul Ball, location: 2F 1-2: Ball 2-2: Foul Ball, location: 2F 2-2: Foul Ball, location: 2F 2-2: Ball 3-2: Strikes out swinging
|
Top of the 4th over - 2 run(s), 3 hit(s), 0 error(s), 1 left on base; Moose Jaw 2 - Bismark 0 |
BOTTOM OF THE 4TH |
Bismark Border Guards batting - Pitching for Moose Jaw Ghostbusters : RHP Aaron Green
|
Batting: RHB Mike Wright
|
0-0: Ground out 6-3 (Groundball, 6)
|
Batting: RHB Doug Williams
|
0-0: Called Strike 0-1: Ball 1-1: Foul Ball, location: 2F 1-2: Strikes out looking
|
Batting: RHB Trent Rasmussen
|
0-0: Ball 1-0: Called Strike 1-1: Fly out, F6 (Line Drive, 6M)
|
Bottom of the 4th over - 0 run(s), 0 hit(s), 0 error(s), 0 left on base; Moose Jaw 2 - Bismark 0 |
TOP OF THE 5TH |
Moose Jaw Ghostbusters batting - Pitching for Bismark Border Guards : RHP Ben Cobb
|
Batting: LHB John Robbins
|
0-0: Ball 1-0: Called Strike 1-1: Ball 2-1: SOLO HOME RUN (Flyball, 9D), Distance : 364 ft
|
Batting: RHB Manuel Pérez
|
0-0: Called Strike 0-1: Swinging Strike 0-2: Strikes out swinging
|
Batting: RHB Don Turner
|
0-0: Ball 1-0: Called Strike 1-1: Swinging Strike 1-2: Strikes out swinging
|
Batting: RHB John Major
|
0-0: Foul Ball, location: 2F 0-1: Ball 1-1: Swinging Strike 1-2: Strikes out swinging
|
Top of the 5th over - 1 run(s), 1 hit(s), 0 error(s), 0 left on base; Moose Jaw 3 - Bismark 0 |
BOTTOM OF THE 5TH |
Bismark Border Guards batting - Pitching for Moose Jaw Ghostbusters : RHP Aaron Green
|
Batting: SHB Vicente Pagán
|
0-0: Ball 1-0: Ground out 4-3 (Groundball, 4)
|
Batting: RHB Reynaldo Slomp
|
0-0: Called Strike 0-1: Ball 1-1: Fly out, F7 (Flyball, 78M)
|
Batting: RHB Jorge Montoya
|
0-0: Called Strike 0-1: Fly out, F6 (Popup, 6MS)
|
Bottom of the 5th over - 0 run(s), 0 hit(s), 0 error(s), 0 left on base; Moose Jaw 3 - Bismark 0 |
TOP OF THE 6TH |
Moose Jaw Ghostbusters batting - Pitching for Bismark Border Guards : RHP Ben Cobb
|
Batting: RHB Paco Hernández
|
0-0: Ball 1-0: Ball 2-0: Ball 3-0: Called Strike 3-1: Swinging Strike 3-2: DOUBLE (Flyball, 89D)
|
Batting: LHB Dave Stewart
|
0-0: Intentional Walk
|
Pitching: RHP Edward Hastings
|
|
Batting: RHB Luis Miguel Sánchez
|
0-0: Called Strike 0-1: Called Strike 0-2: Foul Ball, location: 2F 0-2: Foul Ball, location: 2F 0-2: Ball 1-2: Strikes out looking
|
Batting: RHB León Rivera
|
0-0: Ball 1-0: Called Strike 1-1: Ball 2-1: Called Strike 2-2: Ball 3-2: Strikes out swinging
|
Batting: RHB Juan Vázquez
|
0-0: Ball 1-0: Ball 2-0: Called Strike 2-1: Foul Ball, location: 2F 2-2: Foul Ball, location: 2F 2-2: Foul Ball, location: 2F 2-2: Ball 3-2: Strikes out looking
|
Top of the 6th over - 0 run(s), 1 hit(s), 0 error(s), 2 left on base; Moose Jaw 3 - Bismark 0 |
BOTTOM OF THE 6TH |
Bismark Border Guards batting - Pitching for Moose Jaw Ghostbusters : RHP Aaron Green
|
Batting: RHB Edward Melton
|
0-0: Called Strike 0-1: Ball 1-1: SINGLE (Groundball, 6)
|
Batting: LHB Rusty Herbert
|
0-0: Called Strike 0-1: Swinging Strike 0-2: Ball 1-2: Fly out, F8 (Flyball, 8RM)
|
Batting: RHB Enrico Rodríguez
|
0-0: Ball 1-0: Called Strike 1-1: Ball 2-1: Fly out, F6 (Popup, 6S)
|
Batting: RHB Mike Wright
|
0-0: Ball 1-0: Ball Edward Melton steals 2nd base 2-0: Ball 3-0: Called Strike 3-1: Fly out, F8 (Flyball, 89M)
|
Bottom of the 6th over - 0 run(s), 1 hit(s), 0 error(s), 1 left on base; Moose Jaw 3 - Bismark 0 |
TOP OF THE 7TH |
Moose Jaw Ghostbusters batting - Pitching for Bismark Border Guards : RHP Edward Hastings
|
Batting: LHB John Robbins
|
0-0: Fly out, F7 (Popup, 7LS)
|
Batting: RHB Manuel Pérez
|
0-0: Ball 1-0: Called Strike 1-1: Foul Ball, location: 2F 1-2: Ball 2-2: Foul Ball, location: 2F 2-2: SINGLE (Flyball, 78S)
|
Batting: RHB Don Turner
|
0-0: Foul Ball, location: 2F 0-1: Called Strike 0-2: Ball 1-2: Ball 2-2: Foul Ball, location: 2F 2-2: Ball 3-2: Base on Balls Manuel Pérez to second
|
Batting: RHB John Major
|
0-0: Fly out, F3 (Popup, 3DF)
|
Batting: RHB Paco Hernández
|
0-0: Ball 1-0: Swinging Strike 1-1: Swinging Strike 1-2: Fly out, F8 (Flyball, 8RXD)
|
Top of the 7th over - 0 run(s), 1 hit(s), 0 error(s), 2 left on base; Moose Jaw 3 - Bismark 0 |
BOTTOM OF THE 7TH |
Bismark Border Guards batting - Pitching for Moose Jaw Ghostbusters : RHP Aaron Green
|
Batting: RHB Doug Williams
|
0-0: Swinging Strike 0-1: Swinging Strike 0-2: Foul Ball, location: 2F 0-2: Ball 1-2: Ground out 6-3 (Groundball, 56S)
|
Batting: RHB Trent Rasmussen
|
0-0: Ball 1-0: Foul Ball, location: 2F 1-1: Ball 2-1: SINGLE (Groundball, 34D)
|
Batting: SHB Vicente Pagán
|
0-0: Called Strike 0-1: Called Strike 0-2: Ball 1-2: Foul Ball, location: 2F 1-2: Ball 2-2: Foul Ball, location: 2F 2-2: Foul Ball, location: 2F 2-2: Fly out, F2 (Popup, 2LF)
|
Batting: RHB Reynaldo Slomp
|
0-0: Ball 1-0: Foul Ball, location: 2F 1-1: Fly out, F9 (Flyball, 9S)
|
Bottom of the 7th over - 0 run(s), 1 hit(s), 0 error(s), 1 left on base; Moose Jaw 3 - Bismark 0 |
TOP OF THE 8TH |
Moose Jaw Ghostbusters batting - Pitching for Bismark Border Guards : RHP Edward Hastings
|
Pitching: RHP Ramón Fonseca
|
|
Batting: LHB Dave Stewart
|
0-0: Ball 1-0: Foul Ball, location: 2F 1-1: Ball 2-1: SINGLE (Groundball, 34)
|
Batting: RHB Luis Miguel Sánchez
|
0-0: Bunt missed! 0-1: Ball Dave Stewart steals 2nd base 1-1: Intentional Walk
|
Batting: RHB León Rivera
|
0-0: Ball 1-0: Foul Ball, location: 2F 1-1: Sac Bunt - play at first, batter OUT! 2-3 Dave Stewart to third Luis Miguel Sánchez to second
|
Batting: RHB Juan Vázquez
|
0-0: Ball 1-0: Swinging Strike 1-1: Ground out 6-3 (Groundball, 6)
|
Batting: LHB John Robbins
|
0-0: Called Strike 0-1: Ball 1-1: Foul Ball, location: 2F 1-2: Ball 2-2: Fly out, F8 (Flyball, 8LM)
|
Top of the 8th over - 0 run(s), 1 hit(s), 0 error(s), 2 left on base; Moose Jaw 3 - Bismark 0 |
BOTTOM OF THE 8TH |
Bismark Border Guards batting - Pitching for Moose Jaw Ghostbusters : RHP Aaron Green
|
Pitching: RHP Whit Johnson
|
|
Batting: RHB Jorge Montoya
|
0-0: Ball 1-0: Ball 2-0: Called Strike 2-1: Ball 3-1: Base on Balls
|
Batting: RHB Edward Melton
|
0-0: Hit by Pitch Jorge Montoya to second
|
Batting: LHB Rusty Herbert
|
0-0: Ball 1-0: Called Strike 1-1: Foul Ball, location: 2F 1-2: DOUBLE (Line Drive, 89M) Jorge Montoya scores Edward Melton to third Runner from 3rd tries for Home, SAFE, no throw or cutoff
|
Pitching: RHP Andrés Ruíz
|
|
Batting: RHB Enrico Rodríguez
|
0-0: Swinging Strike 0-1: Fly out, F4 (Popup, 4)
|
Batting: RHB Mike Wright
|
0-0: Fly out, F7 (Flyball, 7M)
|
Batting: RHB Doug Williams
|
0-0: Called Strike 0-1: Foul Ball, location: 2F 0-2: Ground out 5-3 (Groundball, 5S)
|
Bottom of the 8th over - 2 run(s), 1 hit(s), 0 error(s), 1 left on base; Moose Jaw 3 - Bismark 2 |
TOP OF THE 9TH |
Moose Jaw Ghostbusters batting - Pitching for Bismark Border Guards : RHP Ramón Fonseca
|
Pitching: RHP Beau Murphy
|
|
Batting: RHB Manuel Pérez
|
0-0: Ball 1-0: Called Strike 1-1: Ball 2-1: Fly out, F3 (Popup, 3DF)
|
Batting: RHB Don Turner
|
0-0: Ball 1-0: Foul Ball, location: 2F 1-1: Ball 2-1: Fly out, F9 (Line Drive, 89M)
|
Batting: RHB John Major
|
0-0: Fly out, F7 (Flyball, 7D)
|
Top of the 9th over - 0 run(s), 0 hit(s), 0 error(s), 0 left on base; Moose Jaw 3 - Bismark 2 |
BOTTOM OF THE 9TH |
Bismark Border Guards batting - Pitching for Moose Jaw Ghostbusters : RHP Andrés Ruíz
|
Pitching: LHP Júlio Aguilar
|
|
Now at 3B: Robert Carter
|
|
Batting: RHB Trent Rasmussen
|
0-0: Ball 1-0: Called Strike 1-1: Ball 2-1: Ball 3-1: Foul Ball, location: 2F 3-2: Base on Balls
|
Batting: SHB Vicente Pagán
|
0-0: Sac Bunt - play at first, batter OUT! 1-4 Trent Rasmussen to second
|
Batting: RHB Reynaldo Slomp
|
0-0: Ground out 4-3 (Groundball, 4) Trent Rasmussen to third
|
Batting: RHB Jorge Montoya
|
0-0: Ball 1-0: Ball 2-0: Ball 3-0: Called Strike 3-1: Foul Ball, location: 2F 3-2: Foul Ball, location: 2F 3-2: Foul Ball, location: 2F 3-2: Base on Balls
|
Batting: RHB Edward Melton
|
0-0: Ball 1-0: Ball 2-0: Called Strike 2-1: Ball 3-1: Base on Balls Jorge Montoya to second
|
Batting: LHB Rusty Herbert
|
0-0: Called Strike 0-1: Swinging Strike 0-2: Strikes out swinging
|
Bottom of the 9th over - 0 run(s), 0 hit(s), 0 error(s), 3 left on base; Moose Jaw 3 - Bismark 2 |
|